 Dungeon Crawl Stone Soup version 0.32-a0-953-g508020473e (webtiles) character file.

Game seed: 18332394276590627789

7114 Doorstop00 the Cleaver (level 10, -2/91 HPs)
             Began as a Minotaur Berserker on Apr 16, 2024.
             Was a Priest of Trog.
             Shot with an arrow by a centaur warrior (14 damage)
             ... on level 8 of the Dungeon.
             The game lasted 00:26:15 (8111 turns).

Doorstop00 the Cleaver (Minotaur Berserker)         Turns: 8111, Time: 00:26:16

Health: -2/91      AC: 16    Str: 25    XL:     10   Next: 85%
Magic:  9/9        EV: 13    Int:  6    God:    Trog [***...]
Gold:   436        SH:  0    Dex:  9    Spells: 9/9 levels left

rFire   . . .        x - +5 battleaxe (freeze)
rCold   . . .        (shield currently unavailable)
rNeg    . . .        y - +0 plate armour
rPois   .            (helmet restricted)
rElec   .            u - +0 cloak
rCorr   .            (no gloves)
SInv    .            (no boots)
Will    .....        (no amulet) Stlth
                     b - +5 ring of evasion
HPRegen 0.35/turn    (no ring)
MPRegen 0.11/turn

%: no passive effects
@: spiked
A: horns 2, retaliatory headbutt
a: Renounce Religion, Berserk, Trog's Hand


You were on level 8 of the Dungeon.
You worshipped Trog.
Trog was most pleased with you.
You visited 1 branch of the dungeon, and saw 8 of its levels.

You collected 436 gold pieces.

Inventory:

Hand Weapons
 k - a +3 flail of distortion
 p - a +1 whip of freezing
 t - a +0 war axe
 x - a +5 battleaxe of freezing (weapon)
Armour
 l - a +0 scale mail
 u - a +0 cloak (worn)
 y - a +0 plate armour (worn)
Jewellery
 b - a +5 ring of evasion (left hand)
 E - a +6 ring of strength
Wands
 d - a wand of polymorph (9)
 o - a wand of mindburst (5)
 r - a wand of flame (19)
 w - a wand of iceblast (2)
 C - a wand of light (3)
 D - a wand of charming (9)
Scrolls
 a - a scroll of identify
 f - 2 scrolls of vulnerability
 h - a scroll of fog
 q - a scroll of enchant weapon {unknown}
 v - a scroll of immolation {unknown}
Potions
 c - a potion of might
 e - a potion of ambrosia {unknown}
 g - 2 potions of mutation {unknown}
 i - 2 potions of brilliance
 j - 2 potions of heal wounds
 m - 4 potions of curing
 s - a potion of haste {unknown}
 z - a potion of cancellation {unknown}
 A - 2 potions of resistance {unknown}
 B - a potion of berserk rage {unknown}


   Skills:
 * Level 9.3 Fighting
 * Level 12.4 Axes
 * Level 10.3 Armour
 * Level 6.4 Dodging
 + Level 0.8 Stealth
 * Level 4.6 Evocations


You had 9 spell levels left.
You didn't know any spells.
Your spell library was empty.

Dungeon Overview and Level Annotations

Branches:
Dungeon (8/15)             Temple (0/1) D:5
   Lair: D:8-11

Altars:
Dithmenos
Fedhas
Gozag
Hepliaklqana
Makhleb
Okawaru
Ru
Vehumet

Shops:
D:4 [

Annotations:
D:3 3 runed translucent doors, D0namaru's ghost, weakling DsNe


Innate Abilities, Weirdness & Mutations

You have a pair of horns on your head.
You reflexively headbutt those who attack you in melee.


Message History

You freeze the manticore. The manticore misses you.
The manticore claws you but does no damage.
The manticore closely misses you.
Found a chain mail and a scale mail.
The manticore flicks its tail.
The volley of spikes skewers you.
Barbed spikes become lodged in your body.
You see here a +0 orcbow.
There are monsters nearby!
A centaur warrior comes into view.
It is wielding a +0 demon trident of flaming.
Aiming: Iceblast
Press: ? - help, Q - select action, (/) - cycle Shift-Dir - straight line, f - skeletal warrior
Aim: a skeletal warrior, wielding a +0 battleaxe and wearing an amulet of guardian spirit The mass of ice explodes!
The iceblast engulfs the manticore!
You kill the manticore!
Trog accepts your kill. The iceblast engulfs you.
The iceblast engulfs the skeletal warrior!
The skeletal warrior partially resists.
The skeletal warrior is lightly damaged.
The centaur warrior shouts!
You hear a shout!
The laughing skull lets out a vicious peal of laugher.
The bolt of negative energy hits the skeletal warrior.
The skeletal warrior completely resists.
The bolt of negative energy hits you!
You feel drained.
Your life force feels restored.
Your ogre goes berserk!
You can no longer call in reinforcements.
The centaur warrior unwields a +0 demon trident of flaming.
It stops flaming.
The centaur warrior wields a +0 shortbow.
The centaur warrior shoots an arrow.
The arrow hits you!
The centaur warrior shoots an arrow.
The arrow hits you!
The skeletal warrior hits you with a +0 battleaxe!!
* * * LOW HITPOINT WARNING * * *
The barbed spikes dig painfully into your body as you move.
* * * LOW HITPOINT WARNING * * *
The centaur warrior shoots an arrow.
The arrow hits you!
You die...

.): #.# .# #!# #.#
.c. $Yz#####.# #.#
#o#...#.# [[.
#z..#.#.#
#.#####)#.#.#
...#..o#.#†#
##~#z###...#
#O@)~#...#.## #
#.####.###..# ####
#. ....#....####...
######.##.....##..##
.................##
.....
#...........####
.....
#...............
....####
#.........###.##
......#
#.........#.###


You could see a skeletal warrior (ally target), a centaur warrior, an orc
warrior and a friendly ogre (summoned, berserk).

Vanquished Creatures
  Erica (D:8)
  A tengu warrior (D:8)
  Pikel (D:4)
  A manticore (D:8)
  Maurice (D:8)
  Prince Ribbit (D:7)
  2 hornets
  6 yaks (D:5)
  A steam dragon (D:8)
  Edmund (D:4)
  4 water moccasins
  4 sky beasts
  2 orc warriors (D:8)
  3 black bears
  2 ice beasts (D:7)
  5 centaurs
  2 bullfrogs (D:8)
  3 scorpions
  7 wights
  A killer bee (D:8)
  A howler monkey (D:6)
  2 hounds
  A jelly (D:8)
  A gnoll bouda (D:8)
  2 orc priests
  4 iguanas
  4 orc wizards
  4 gnolls (D:6)
  5 adders
  A ribbon worm (D:4)
  2 dart slugs
  21 orcs
  7 endoplasms
  2 giant cockroaches (D:1)
  14 goblins
  7 hobgoblins
  8 jackals
  8 kobolds
  6 quokkas
  5 ball pythons
  2 bats
  4 frilled lizards
  9 rats
169 creatures vanquished.

Notes
Turn   | Place    | Note
-------+----------+-------------------------------------------
     0 | D:1      | Doorstop00 the Minotaur Berserker began the quest for the
                  | Orb.
     0 | D:1      | Reached XP level 1. HP: 19/19 MP: 0/0
   125 | D:1      | Reached XP level 2. HP: 14/27 MP: 1/1
   744 | D:2      | Reached skill level 4 in Axes
   809 | D:2      | Reached XP level 3. HP: 32/34 MP: 2/2
  1299 | D:2      | Reached ** piety under Trog
  1531 | D:3      | Found a blossoming altar of Fedhas.
  1537 | D:3      | Found a runed translucent gate.
  1538 | D:3      | Found a runed translucent gate.
  1539 | D:3      | Found an opulent altar of Gozag.
  1541 | D:3      | Found a runed translucent gate.
  1542 | D:3      | Noticed D0namaru's ghost (weakling DsNe)
  1746 | D:3      | Found an iron altar of Okawaru.
  1857 | D:3      | Reached XP level 4. HP: 28/41 MP: 3/3
  2240 | D:3      | Identified the +1 leather armour "Mibluust" {+Inv rF++
                  | Str-3 Dex-2}
  2420 | D:4      | Noticed Edmund
  2424 | D:4      | Killed Edmund
  2425 | D:4      | Reached skill level 5 in Fighting
  2425 | D:4      | Reached skill level 5 in Axes
  2425 | D:4      | Reached XP level 5. HP: 48/48 MP: 4/4
  2502 | D:4      | Found a radiant altar of Vehumet.
  2695 | D:4      | Noticed Ijyb
  2696 | D:4      | Ijyb changed into Ijyb the iguana
  2696 | D:4      | Noticed Ijyb
  2703 | D:4      | Killed Ijyb the iguana
  2736 | D:4      | Noticed a black bear
  2741 | D:4      | Killed a black bear
  2742 | D:4      | Reached XP level 6. HP: 49/56 MP: 5/5
  2832 | D:4      | Found Tyfuvuv's Antique Armour Shoppe.
  3048 | D:4      | Noticed Robin
  3051 | D:4      | Robin changed into Robin the jackal
  3051 | D:4      | Noticed Robin
  3053 | D:4      | Noticed Pikel
  3054 | D:4      | Killed Robin the jackal
  3054 | D:4      | Reached *** piety under Trog
  3065 | D:4      | Killed Pikel
  3066 | D:4      | Reached skill level 6 in Axes
  3066 | D:4      | Reached skill level 5 in Armour
  3066 | D:4      | Reached skill level 1 in Evocations
  3066 | D:4      | Reached XP level 7. HP: 33/63 MP: 6/6
  3307 | D:5      | Entered Level 5 of the Dungeon
  3392 | D:5      | Found a staircase to the Ecumenical Temple.
  3430 | D:5      | Reached skill level 7 in Axes
  3561 | D:5      | Noticed a yak
  3561 | D:5      | Noticed a yak
  3562 | D:5      | Noticed a yak
  3563 | D:5      | Noticed a yak
  3574 | D:5      | Noticed a yak
  3576 | D:5      | Noticed a yak
  3579 | D:5      | Killed a yak
  3580 | D:5      | Reached XP level 8. HP: 71/71 MP: 7/7
  3587 | D:5      | Reached skill level 8 in Axes
  4023 | D:5      | Reached XP level 9. HP: 35/79 MP: 8/8
  4304 | D:5      | Reached skill level 9 in Axes
  4696 | D:6      | Found a burning altar of Makhleb.
  4976 | D:6      | Found a shadowy altar of Dithmenos.
  4981 | D:6      | Found a hazy altar of Hepliaklqana.
  5066 | D:6      | Found a sacrificial altar of Ru.
  5135 | D:6      | Reached skill level 5 in Dodging
  5946 | D:7      | Noticed Prince Ribbit
  5954 | D:7      | Killed Prince Ribbit
  5955 | D:7      | Reached skill level 10 in Axes
  6118 | D:7      | Reached **** piety under Trog
  6676 | D:8      | Noticed Maurice
  6679 | D:8      | Maurice stole a +1 whip of freezing
  6680 | D:8      | Maurice stole 364 gold
  6689 | D:8      | HP: 3/81 [hornet (8)]
  6695 | D:7      | Reached XP level 10. HP: 40/88 MP: 6/9
  7076 | D:8      | Killed Maurice
  7077 | D:8      | Reached skill level 11 in Axes
  7605 | D:8      | Noticed Erica
  7609 | D:8      | Killed Erica
  7752 | D:8      | Noticed a white ugly thing
  7752 | D:8      | Noticed a tengu warrior
  7772 | D:8      | Killed a tengu warrior
  7773 | D:8      | Reached skill level 12 in Axes
  7773 | D:8      | Reached skill level 10 in Armour
  7775 | D:8      | Noticed a catoblepas
  8091 | D:8      | Noticed a manticore
  8095 | D:8      | Noticed a skeletal warrior
  8108 | D:8      | Noticed a centaur warrior
  8109 | D:8      | Killed a manticore
  8111 | D:8      | Shot with an arrow by a centaur warrior

Illustrated notes

Levels and vault maps discovered:
D:1:      dpeg_arrival_ternary, layout_basic
D:2:      layout_basic, serial_forest, infiniplex_forest_lined_room_2,
          infiniplex_forest_lined_room_2, infiniplex_forest_zigzag_1,
          infiniplex_forest_end_2, infiniplex_forest_fountain,
          infiniplex_forest_end_double, nicolae_the_louvre
D:3:      layout_loops_ring, mainiacjoe_overflow_small_starburst,
          lemuel_coloured_pillars_altar, ebering_ghost_gozag
D:4:      layout_gridville, nicolae_vehumet_radiance, serial_shops,
          nicolae_shop_tiny_waterfront, uniq_edmund, uniq_pikel, uniq_robin,
          uniq_ijyb
D:5:      layout_gridville, minmay_temple_entry_statues_fountains
D:6:      layout_loops_ring, riverfiend_overflow_shadow_ancestor,
          hangedman_ru_absence, mainiacjoe_overflow_brackets
D:7:      layout_gridville, uniq_prince_ribbit1
D:8:      minmay_slanted_spiral_squares, layout_rooms, nicolae_doodle_vault,
          uniq_maurice, uniq_erica

Skill      XL: |  1  2  3  4  5  6  7  8  9 10 |
---------------+-------------------------------+-----
Fighting       | 4 5 6 7 8 9 |  9.3
Axes           | 4 5 6 7 8 10 12 | 12.4
Armour         | 3 4 5 6 7 9 10 | 10.3
Dodging        | 3 4 5 6 |  6.4
Evocations     | 1 2 3 4 |  4.6
Stealth        | |  0.8

Action                     |  1- 3 |  4- 6 |  7- 9 | 10-12 || total
---------------------------+-------+-------+-------+-------++-------
  Melee: Hand axe          |   208 |    60 |    79 |       ||   347
         Headbutt          |    48 |    13 |    30 |     9 ||   100
         War axe           |       |       |    55 |       ||    55
         Battleaxe         |       |       |    35 |    89 ||   124
 Invoke: Berserk           |       |     1 |     1 |     1 ||     3
         Trog's Hand       |       |       |       |     1 ||     1
         Brothers in Arms  |       |       |       |     1 ||     1
  Evoke: Wand              |       |     2 |       |     5 ||     7
    Use: Scroll            |     5 |     3 |     1 |     1 ||    10
         Potion            |       |       |     2 |     1 ||     3
 Armour: Animal skin       |     9 |       |       |       ||     9
         Ring mail         |    44 |     4 |       |       ||    48
         Scale mail        |       |    28 |   105 |       ||   133
         Plate armour      |       |       |    44 |   159 ||   203
  Dodge: Dodged            |    80 |    35 |   153 |    90 ||   358

Table legend: (Time is in decaauts)
 A = Elapsed time spent in this place.
 B = Non-inter-level travel time spent in this place.
 C = Inter-level travel time spent in this place.
 D = Time resting spent in this place.
 E = Time spent auto-exploring this place.
 F = Levels seen in this place.
 G = Mean time per level.
                   A        B        C        D        E       F      G
               +--------+--------+--------+--------+--------+-----+--------+
         Total |   8201 |   7990 |    211 |   1773 |   4529 |   8 | 1025.1 |
       Dungeon |   8201 |   7990 |    211 |   1773 |   4529 |   8 | 1025.1 |
               +--------+--------+--------+--------+--------+-----+--------+

Top non-repeatable levels by time:
     D:7: 1511 daAuts
     D:5: 1320 daAuts
     D:6: 1088 daAuts
     D:8: 936 daAuts
     D:3: 921 daAuts
     D:4: 914 daAuts
     D:2: 769 daAuts
     D:1: 739 daAuts
